[Event "Early-Titled-Tuesday-Blitz-April-16-2024"]
[Site "Chess.com"]
[Date "2024.04.16"]
[Round "8"]
[White "RobertoJBM"]
[Black "SharapovEvgeny"]
[Result "1/2-1/2"]
[WhiteElo "2883"]
[BlackElo "2665"]
[TimeControl "180+1"]
[EndTime "9:31:58 PDT"]
[Termination "Game drawn by repetition"]

1. e4 c5 2. Nf3 d6 3. d4 cxd4 4. Nxd4 Nf6 5. Nc3 Nc6 6. Bg5 e6 7. Qd2 Be7 8. O-O-O O-O 9. h4 Nxd4 10. Qxd4 Qa5 11. Kb1 Rd8 12. f3 Bd7 13. g4 Bc6 14. Be2 Qc5 15. Qxc5 dxc5 16. e5 Nd5 17. Nxd5 Bxg5 18.
Nc7 Bf4 19. Nxa8 Rxa8 20. Rhf1 Bxe5 21. f4 Bc7 22. Bf3 Bxf3 23. Rxf3 Kf8 24. c4 Ke7 25. Kc2 h5 26. g5 g6 27. Rfd3 Rd8 28. Rxd8 Bxd8 29. Kd3 Bc7 30. Ke4 a5 31. Rd3 b6 32.
Rf3 Kd7 33. Rf1 Kc6 34. Rd1 Bd6 35. Rd2 Kc7 36. Rd3 Kc6 37. Rf3 Kc7 38. Kd3 Kc6 39.
Kc3 Bc7 40. Kb3 Bd6 41. Ka4 Bc7 42. a3 Bd6 43. Rf1 Be7 44. Re1 Bd6 45. Rf1 Be7 46. Rf3 Bd6 47. Kb3 Kc7 48. Kc2 Kc6 49. Kd3 Kc7 50. Ke4 Kc6 51. Rb3 Kc7 52. Rc3 Kc6 53.
Rd3 Kc7 54. Rd2 Kc6 55. Rd1 Kc7 56. Kf3 Kc6 57. Rd2 Kc7 58. Re2 Kc6 59. b3 Kc7 60.
Rd2 Kc6 61. Rd1 Kc7 62. Rf1 Kc6 63. Re1 Kc7 64. a4 Kd7 65. Rd1 Ke7 66. Rd2 Bc7 67. Rd3 Bd6 68. Re3 Bc7 69. Re1 Bd6 70. Rd1 Bc7 71.
Ke4 Bd6 72. Rd3 Bc7 73. Rg3 Bd6 74. Rg2 Bc7 75. Ke3 Bd6 76. Rg1 Bc7 77. Rf1 Bd6 78.
Rd1 Bc7 79. Rc1 Bd6 80. Rc2 Bc7 81. Ke4 Bd6 82. Rc3 Kd7 83. Rd3 Ke7 84. Rd1 Kd7 85. Ke3 Ke7 86. Rg1 Bc7 87. Rg2 Bd6 88. f5 exf5 89. Kf3 Kd7 90. Re2 Bc7 91. Rd2+ Bd6 92.
Rd1 Ke6 93. Re1+ Kd7 94. Ke3 Be5 95. Kf3 Bd4 96. Re2 Kd8 97. Re1 Kd7 98. Re2 Kd8 99. Re1 Kd7 1/2-1/2

[Event "Early-Titled-Tuesday-Blitz-April-16-2024"]
[Site "Chess.com"]
[Date "2024.04.16"]
[Round "8"]
[White "Bilan_Danila"]
[Black "MdChess1734"]
[Result "0-1"]
[WhiteElo "2513"]
[BlackElo "2374"]
[TimeControl "180+1"]
[EndTime "9:31:58 PDT"]
[Termination "MdChess1734 won by resignation"]

1. d4 Nf6 2. Nf3 e6 3. g3 b6 4.
Bg2 Bb7 5. O-O Be7 6. c4 O-O 7. d5 exd5 8. Nh4 c6 9. cxd5 Nxd5 10. Nf5 Nc7 11. e4 Ne6 12. Nc3 Na6 13. a3 Nac7 14. b4 Bf6 15. Bb2 d5 16. exd5 cxd5 17.
Qb3 Ba6 18. b5 Nc5 19. Qb4 Nd3 20. Qb3 Nxb2 21. bxa6 Nc4 22. Rad1 Na5 23. Qc2 Rc8 24. Qd3 Nc4 25. Nxd5 Nb2 26. Qb3 Nxd1 27. Rxd1 Nxd5 28. Bxd5 Qc7 29. Bb7 Rcd8 30. Rxd8 Rxd8 31. Kg2 g6 32. Nh6+ Kg7 33. Ng4 Bd4 34. Qf3 h5 35. Ne3 Bxe3 36. Qxe3 Qc5 37. Qf3 Rd6 38. h4 Rf6 39. Qe2 Qxa3 40.
Qd2 Qc5 41. Qe2 b5 42. Qb2 b4 43. g4 hxg4 44. Kg3 Qc3+ 0-1

[Event "Early-Titled-Tuesday-Blitz-April-16-2024"]
[Site "Chess.com"]
[Date "2024.04.16"]
[Round "8"]
[White "arenal72"]
[Black "vasblesk"]
[Result "0-1"]
[WhiteElo "2624"]
[BlackElo "2821"]
[TimeControl "180+1"]
[EndTime "9:31:59 PDT"]
[Termination "vasblesk won by checkmate"]

1. Nf3 Nf6 2. g3 g6 3. Bg2 Bg7 4. O-O O-O 5. d3 c5 6. e4 Nc6 7. c3 d6 8. Qe2 Rb8 9. h3 b5 10. d4 Qb6 11. Rd1 b4 12. e5 Ba6 13. Qc2 dxe5 14.
dxe5 Ne8 15. e6 f5 16. Nbd2 Nd6 17. Nb3 bxc3 18. bxc3 Ne4 19. Bd2 Be2 20. Re1 Bxf3 21. Bxf3 c4 22. Bxe4 cxb3 23. axb3 fxe4 24. Be3 Qxb3 25.
Qxe4 Ne5 26. Bf4 Rf5 27. Rxa7 Qxe6 28. Kg2 g5 29. Bd2 Rbf8 30. f4 gxf4 31. Bxf4 Qc6 32.
Rxe7 Qxe4+ 33. Rxe4 Ng6 34. Re8 Nxf4+ 35. gxf4 Rxf4 36.
Rxf8+ Rxf8 37. c4 Rc8 38. h4 Kf7 39. h5 Rc5 40. Rh4 Kf6 41. Kg3 Kg5 42. Rg4+ Kh6 43. Re4 Kxh5 44. Re7 Kg6 45. Kf4 Rxc4+ 46. Kg3 h5 47. Re6+ Bf6 48. Ra6 Rc3+ 49. Kg2 Kf5 50. Ra5+ Be5 51. Ra4 Rc2+ 52. Kh3 Rh2# 0-1

[Event "Early-Titled-Tuesday-Blitz-April-16-2024"]
[Site "Chess.com"]
[Date "2024.04.16"]
[Round "8"]
[White "dosto07"]
[Black "SpongeBob_03"]
[Result "0-1"]
[WhiteElo "2512"]
[BlackElo "2267"]
[TimeControl "180+1"]
[EndTime "9:32:01 PDT"]
[Termination "SpongeBob_03 won on time"]

1. e4 c5 2. Nf3 e6 3. c3 d5 4. exd5 Qxd5 5. d4 Nf6 6. Na3 a6 7. Nc4 Nbd7 8. a4 Rb8 9. a5 b5 10. axb6 Nxb6 11. Nxb6 Rxb6 12. Be2 Bb7 13. O-O Bd6 14. c4 Qc6 15. Qa4 Qxa4 16. Rxa4 Bxf3 17. Bxf3 cxd4 18. c5 Bxc5 19. Rc4 Nd7 20. Bd2 Rxb2 21. Ba5 Rb5 22. Bc7 Ke7 23. Bc6 Rb4 24. Rcc1 Bd6 25. Ba5 Rb2 26. Rfd1 Ne5 27. Be4 Bc5 28. Rxc5 Nd7 29.
Rc7 e5 30. Bc6 Rd8 31. Bxd7 Rxd7 32. Rxd7+ Kxd7 33. f4 f6 34. fxe5 fxe5 35. Re1 Rb5 36.
Bd2 a5 37. Ra1 e4 38. Bxa5 Rb2 39. Kf1 Ke6 40. Be1 Kf5 41. Ra5+ Kf4 42. Ra7 g5 43. Rf7+ Ke3 44. Rf2 Rb1 45. Re2+ Kd3 46. Rd2+ Ke3 47. Re2+ Kf4 48. Rf2+ Ke5 49. Rf8 d3 50. Re8+ Kd4 51. Rd8+ Ke3 52. Rd7 h5 53. g3 Rb2 54. Rd6 Rxh2 55.
Rd7 Rh1+ 56. Kg2 Rxe1 57. Re7 Re2+ 58. Kh3 d2 59. Rd7 Re1 0-1

[Event "Early-Titled-Tuesday-Blitz-April-16-2024"]
[Site "Chess.com"]
[Date "2024.04.16"]
[Round "8"]
[White "FREZZY23"]
[Black "CarlosjPineror"]
[Result "0-1"]
[WhiteElo "2430"]
[BlackElo "2708"]
[TimeControl "180+1"]
[EndTime "9:32:01 PDT"]
[Termination "CarlosjPineror won by resignation"]

1. Nf3 Nf6 2. g3 g6 3. Bg2 Bg7 4. O-O O-O 5. d4 d6 6. c4 c6 7. Nc3 Qa5 8. e4 Qh5 9. Ng5 Qxd1 10. Rxd1 Nfd7 11. Be3 Na6 12. a3 h6 13. Nf3 e6 14.
Rac1 Nc7 15. b4 b6 16. Nd2 Bb7 17. Nb3 Rac8 18. Bf4 Ne8 19. Na4 g5 20. Be3 Nc7 21. Nc3 d5 22. cxd5 cxd5 23. e5 Ba6 24. a4 Bc4 25.
Nd2 Bd3 26. Na2 b5 27. a5 Na6 28. Bf1 Bxf1 29. Kxf1 f5 30. Nb3 Rc4 31. Nc5 Ndxc5 32. Rxc4 dxc4 33. bxc5 b4 34. Rb1 b3 35. Nc3 Rb8 36. f4 g4 37. Ke2 Nb4 38. Kd2 Kf7 39.
Ke2 Ke7 40. Bd2 Kd7 41. Na4 Na2 42. Bc3 Kc6 43. Kd2 Kb5 44. Nb2 Rd8 45. Re1 Bf8 46. Rc1 Bxc5 47. a6 Bxd4 48. Bxd4 Rxd4+ 49. Ke3 Nxc1 50. Kxd4 Ne2+ 51. Ke3 c3 52. Nd3 b2 53. Kxe2 b1=Q 54. Ne1 c2 0-1

[Event "Early-Titled-Tuesday-Blitz-April-16-2024"]
[Site "Chess.com"]
[Date "2024.04.16"]
[Round "8"]
[White "RojonR"]
[Black "Caradhrast"]
[Result "1/2-1/2"]
[WhiteElo "2551"]
[BlackElo "2663"]
[TimeControl "180+1"]
[EndTime "9:32:02 PDT"]
[Termination "Game drawn - insufficient material"]

1. e4 c6 2. Nc3 d5 3. Qe2 d4 4.
Nd1 c5 5. f4 Nc6 6. Nf3 g6 7.
d3 Bg7 8. g3 e5 9. Bg2 f6 10. O-O Nge7 11. Nf2 Be6 12. g4 exf4 13. Bxf4 g5 14. Bg3 Ng6 15. e5 Ncxe5 16. Nxe5 Nxe5 17.
Bxe5 fxe5 18. Bxb7 Rb8 19. Bc6+ Ke7 20. b3 Bd5 21. Bxd5 Qxd5 22. Ne4 h6 23. Ng3 Kd7 24. Qe4 Qxe4 25. Nxe4 Rhf8 26. Rxf8 Rxf8 27. Rf1 Rxf1+ 28.
Kxf1 Kc6 29. Ke2 Kd5 30. Kf3 Bh8 31. Ng3 Bg7 32. Nf5 Bf8 33. h4 gxh4 34. Nxh4 Be7 35. Nf5 Bg5 36. Ng3 Bf4 37. Ne4 a6 38. a4 Kc6 39.
Nf2 Kd5 40. Nh3 Be3 41. Kg3 e4 42. Kh4 Bd2 43. Kg3 Be3 44. Kg2 Ke5 45. Kf1 Bg5 46. Ke2 Be3 47. Kf1 a5 48. Ke2 Kd5 49. Ke1 exd3 50. cxd3 c4 51. dxc4+ Kc5 52. Nf2 Kb4 53. Nd3+ Kxb3 54. c5 Bg5 55. c6 Bd8 56. Kd1 Kxa4 57. Nc5+ Kb5 58. Ne6 Bb6 59. c7 Bxc7 60. Nxc7+ Kc4 61.
Ne8 a4 62. Nd6+ Kb3 63. Nb5 d3 64. Kd2 Kc4 65. Na3+ Kd4 66. Nb1 Ke4 67. Nc3+ Kf3 68. Nxa4 Kxg4 69. Kxd3 h5 70. Ke2 Kg3 71. Kf1 h4 72.
Kg1 Kf3 73. Kh1 h3 74. Nc3 Kg3 75. Ne2+ Kf2 76. Ng1 Kg3 77. Nxh3 1/2-1/2

[Event "Early-Titled-Tuesday-Blitz-April-16-2024"]
[Site "Chess.com"]
[Date "2024.04.16"]
[Round "8"]
[White "Herzog2012"]
[Black "Boundless_Strike"]
[Result "0-1"]
[WhiteElo "2532"]
[BlackElo "2648"]
[TimeControl "180+1"]
[EndTime "9:32:02 PDT"]
[Termination "Boundless_Strike won on time"]

1. e4 d5 2. exd5 Nf6 3. d4 Bg4 4. f3 Bf5 5. Bb5+ c6 6. dxc6 Nxc6 7. c4 Qb6 8. Nc3 O-O-O 9. d5 Nb4 10. Kf1 e6 11. Nge2 Nd3 12. Nd4 Qxd4 13. Qe2 Bc5 14. Bg5 exd5 15. cxd5 Rhe8 16. Qd2 Re5 17. Bxf6 gxf6 18. Rd1 Rde8 19. g4 Re1+ 20. Kg2 Nf4+ 21. Kg3 Qxd2 22. Rxd2 Rxh1 23. Bxe8 Bd7 24. Bxd7+ Kxd7 25. Kxf4 Re1 26. Ne4 Be3+ 27. Kf5 Bxd2 28. Nxd2 Ke7 29.
Ne4 Re2 30. d6+ Kf8 31. Kxf6 Ke8 32. Ke5 Rxb2 33. Nf6+ Kd8 34. h4 h6 35. g5 hxg5 36.
h5 Rxa2 37. Kf5 a5 38. Kxg5 Rg2+ 39. Kf5 a4 40. h6 a3 41. h7 Rh2 42. Kg5 Rxh7 43.
Nxh7 a2 0-1

[Event "Early-Titled-Tuesday-Blitz-April-16-2024"]
[Site "Chess.com"]
[Date "2024.04.16"]
[Round "8"]
[White "noblerone"]
[Black "IshviAggarwal"]
[Result "1/2-1/2"]
[WhiteElo "2495"]
[BlackElo "2142"]
[TimeControl "180+1"]
[EndTime "9:32:02 PDT"]
[Termination "Game drawn by repetition"]

1. d4 d5 2. Nf3 Nf6 3. Bg5 e6 4. Nbd2 c5 5. e3 Nc6 6. c3 Bd6 7. Bd3 h6 8. Bh4 O-O 9. O-O e5 10. dxe5 Nxe5 11. Nxe5 Bxe5 12. Nf3 Bc7 13. Bc2 g5 14. Bg3 Bg4 15. Qe2 Ne4 16. Bxc7 Qxc7 17. Rad1 Rad8 18. c4 Nf6 19. cxd5 Nxd5 20. h3 Bh5 21. g4 Bg6 22. Bxg6 fxg6 23. Qc4 Rxf3 24. Rxd5 Rxd5 25. Qxd5+ Qf7 26. Qxf7+ Kxf7 27. Kg2 Rf6 28.
Rd1 Ke7 29. Rd5 Rc6 30. Kf3 c4 31. Ke4 c3 32. bxc3 Rxc3 33. a4 Rc4+ 34. Rd4 Rxd4+ 35. Kxd4 Kd6 36. f3 b6 37. Kc4 a6 38. Kd4 Ke6 39. Kc4 Ke5 40. Kb4 Kd5 41. Kc3 Kc5 42. e4 Kc6 43. Kc4 Kd6 44. Kd4 Ke6 45. Kc4 Ke5 46.
Kd3 Ke6 47. Kd4 Kd6 48. Kc4 Ke5 49. Kd3 Ke6 50. Kc3 Ke5 51. Kb4 Kf4 52. Kb3 Ke5 53.
Kc4 Ke6 54. Kd4 Kd6 55. Kc4 Ke5 1/2-1/2

[Event "Early-Titled-Tuesday-Blitz-April-16-2024"]
[Site "Chess.com"]
[Date "2024.04.16"]
[Round "8"]
[White "ansko1999"]
[Black "DeArron_Fox"]
[Result "0-1"]
[WhiteElo "2630"]
[BlackElo "2539"]
[TimeControl "180+1"]
[EndTime "9:32:03 PDT"]
[Termination "DeArron_Fox won on time"]

1. c4 e6 2. Nc3 d5 3. d4 Nf6 4. cxd5 exd5 5. Bg5 Be7 6. Qc2 c6 7.
e3 Nbd7 8. Bd3 Nh5 9. Bxe7 Qxe7 10. Nge2 g6 11. O-O O-O 12. Rae1 Ndf6 13. Qd2 b6 14. f3 c5 15. Nf4 Nxf4 16. exf4 Qd6 17. f5 cxd4 18. Nb5 Qd8 19. Nxd4 Kg7 20. Re5 Qd6 21. Rfe1 Qc5 22. Bb1 Bd7 23. b4 Qd6 24. g4 Rfe8 25.
Qf4 Rxe5 26. Qxe5 Qxe5 27. Rxe5 g5 28. h4 h6 29. Re2 Rc8 30. Bd3 gxh4 31. Rh2 Rc1+ 32.
Kf2 Rc3 33. Ke2 Ra3 34. Bb1 Ra4 35. Nc2 Bb5+ 36. Ke3 Bc4 37. Rxh4 Bxa2 38. Bxa2 Rxa2 39. Nd4 Ne8 40. b5 Nd6 41. Kf4 Nc4 42. g5 hxg5+ 43.
Kxg5 Rg2+ 44. Kf4 Rd2 45. Rg4+ Kf6 46. Nc6 d4 47. Nxa7 d3 48. Rg1 Re2 49. Nc6 d2 0-1

[Event "Early-Titled-Tuesday-Blitz-April-16-2024"]
[Site "Chess.com"]
[Date "2024.04.16"]
[Round "8"]
[White "Veleamater"]
[Black "djano"]
[Result "1-0"]
[WhiteElo "2435"]
[BlackElo "2591"]
[TimeControl "180+1"]
[EndTime "9:32:03 PDT"]
[Termination "Veleamater won by resignation"]

1. g3 c5 2. Bg2 Nc6 3. d3 g6 4.
e4 Bg7 5. Nc3 d6 6. f4 Rb8 7. a4 e6 8. Nf3 Nge7 9. O-O O-O 10. g4 f5 11. gxf5 gxf5 12. Ng5 h6 13. Nf3 Nd4 14.
Be3 Nec6 15. Kh1 Kh8 16. Rg1 Bd7 17. Bh3 Qf6 18. Nb5 fxe4 19. dxe4 d5 20. e5 Qe7 21.
Bxd4 cxd4 22. Qd2 Qb4 23. Qg2 Rg8 24. Qg6 Be8 25. Qxe6 d3 26. Rxg7 Rxg7 27. Qxh6+ Rh7 28. Qf6+ Rg7 29. Rg1 Qe7 30. cxd3 Qxf6 31. exf6 Rxg1+ 32. Kxg1 Bh5 33. Ne5 Rf8 34. Nd7 Rd8 35. Nd6 Nd4 36. Nxb7 Re8 37. Nd6 Re2 38. Ne5 Nf3+ 39. Nxf3 Bxf3 40.
b4 d4 41. Bf1 Re6 42. Kf2 Rxd6 43. Kxf3 Rxf6 44. Ke4 Rh6 45. Kxd4 Rxh2 46. Ke5 Kg8 47. d4 Kf8 48. Bb5 Rb2 49. d5 Rxb4 50. f5 a6 51. Bc6 Rb2 52. Kd6 Kf7 53. Kc7 Rd2 54. d6 Kf6 55. d7 Ke7 56. f6+ Kxf6 57. d8=Q+ Rxd8 58. Kxd8 Ke5 59. Kc7 a5 60. Kb6 Kd6 61.
Bb5 1-0

[Event "Early-Titled-Tuesday-Blitz-April-16-2024"]
[Site "Chess.com"]
[Date "2024.04.16"]
[Round "8"]
[White "lluiss"]
[Black "IsaqueGoncalvesSanto"]
[Result "0-1"]
[WhiteElo "2086"]
[BlackElo "1875"]
[TimeControl "180+1"]
[EndTime "9:32:03 PDT"]
[Termination "IsaqueGoncalvesSanto won by resignation"]

1. Nf3 e6 2. d4 d5 3. c4 c6 4. cxd5 exd5 5. Nc3 Bf5 6. Bf4 Nd7 7. e3 Ngf6 8. h3 Bb4 9. a3 Bxc3+ 10.
bxc3 Qa5 11. Qb3 Ne4 12. Rc1 Nb6 13. Bd3 O-O 14. Bxe4 Bxe4 15. Nd2 Bd3 16. Bd6 Rfe8 17. Bb4 Qa6 18. Bc5 Nc4 19. Nxc4 Bxc4 20. Qb2 f5 21. Kd2 f4 22. Rce1 fxe3+ 23. fxe3 Re6 24. a4 Rae8 25. Rh2 Bf1 26. g3 Qd3+ 27. Kc1 Rxe3 28. Rxe3 Rxe3 29. Qc2 Qxc3 30. Qxc3 Rxc3+ 31. Kb2 Rxg3 32. Rf2 Rg2 33. Rxg2 Bxg2 34. h4 b6 35. Bd6 Kf7 36. Bb8 a6 37. Bc7 b5 38. axb5 cxb5 39. Ba5 Kg6 40.
Kc3 Kf5 41. Bd8 h6 42. Kd2 g5 43.
hxg5 hxg5 44. Ke3 Be4 45. Ba5 Kg4 46. Be1 Kh3 47. Kf2 g4 48. Kg1 g3 49. Bb4 Kg4 50.
Bd2 Kf3 51. Kf1 g2+ 52. Kg1 Ke2 53. Bc3 Kd3 54. Bb4 Kxd4 0-1

[Event "Early-Titled-Tuesday-Blitz-April-16-2024"]
[Site "Chess.com"]
[Date "2024.04.16"]
[Round "8"]
[White "KuzubovYuriy"]
[Black "amintabatabaei"]
[Result "0-1"]
[WhiteElo "2921"]
[BlackElo "3052"]
[TimeControl "180+1"]
[EndTime "9:32:05 PDT"]
[Termination "amintabatabaei won by resignation"]

1. d4 Nf6 2. c4 g6 3. Nc3 Bg7 4.
e4 d6 5. Nge2 e5 6. d5 a5 7. Ng3 h5 8. Bg5 Nbd7 9. h4 Bh6 10.
Bxh6 Rxh6 11. Qd2 Rh8 12. O-O-O Nc5 13. Kb1 a4 14. Bd3 Qe7 15. Bc2 Qf8 16. Nb5 Kd8 17.
Qg5 Nd7 18. Nc3 a3 19. Ba4 Qh6 20. Qxh6 Rxh6 21. Bxd7 Bxd7 22. b3 Ng4 23. Rd2 f5 24. Kc2 Ke7 25. Re2 Rf8 26. f3 Nf6 27. b4 f4 28. Nf1 Ra8 29. Rg1 Rhh8 30. g3 fxg3 31. Rxg3 Rhg8 32. Reg2 Kf7 33. Nd2 b6 34. Ne2 c6 35.
Nc3 cxd5 36. cxd5 Rac8 37. Kb3 b5 38. Ndb1 Rb8 39. Nxa3 Nh7 40. Rh2 g5 41. hxg5 Kg6 42. Ne2 Rgf8 43. Nc2 Rf7 44. Ne1 Rg8 45. Ng2 Nxg5 46.
f4 exf4 47. Ngxf4+ Kf6 48. Rxh5 Rfg7 49. Nc3 Nf7 50.
Rxg7 Rxg7 51. Rh1 Rg4 52. Rf1 Ke7 53. Nd3 Rg3 54. Kc2 Be8 55. Rf2 Ng5 56. Nf4 Rxc3+ 57.
Kxc3 Nxe4+ 58. Kd4 Nxf2 59. Ne2 Ng4 60. Nc3 Nf6 61.
a3 Kd8 62. Nd1 Kc7 63. Ne3 Bf7 0-1

[Event "Early-Titled-Tuesday-Blitz-April-16-2024"]
[Site "Chess.com"]
[Date "2024.04.16"]
[Round "8"]
[White "Mazarini41"]
[Black "pfalcon1949"]
[Result "1-0"]
[WhiteElo "2341"]
[BlackElo "1930"]
[TimeControl "180+1"]
[EndTime "9:32:06 PDT"]
[Termination "Mazarini41 won on time"]

1. e4 e6 2. Nf3 d5 3. e5 c5 4. b4 cxb4 5. a3 Qa5 6. Bb2 Nc6 7.
axb4 Qxb4 8. Ba3 Qe4+ 9. Be2 Bxa3 10. Nxa3 Nge7 11. Nb5 O-O 12. Nd6 Qg4 13. O-O b6 14. d4 a5 15. h3 Qh5 16. Qd3 Ba6 17. c4 dxc4 18. Nxc4 Rfd8 19. Qc2 Qg6 20. Bd3 Qh6 21. Nxb6 Bxd3 22. Qxd3 Rab8 23. Nc4 Nd5 24. Nd6 Nf4 25.
Qe4 Ne7 26. Rxa5 Ned5 27. Ra7 Rf8 28. Rd7 Qh5 29. Ra1 h6 30. Raa7 Rb4 31. Nxf7 Rxf7 32. Rxf7 Qg6 33. Rxg7+ Qxg7 34. Rxg7+ Kxg7 35. Nh4 Rb7 36. g3 Nxh3+ 37. Kg2 Ng5 38. Qg6+ Kf8 39. Qxh6+ Ke8 40.
Qxg5 Kd7 41. Qg7+ Kc6 42. Qg5 Rd7 43. Qc1+ Kb7 44. Qb2+ Nb6 45. Ng6 Rc7 46. Nf4 Rc6 47. Qb5 Rc7 48. Nxe6 1-0

[Event "Early-Titled-Tuesday-Blitz-April-16-2024"]
[Site "Chess.com"]
[Date "2024.04.16"]
[Round "8"]
[White "AlmasRakhmatullaev"]
[Black "Susal_De_Silva"]
[Result "1-0"]
[WhiteElo "2877"]
[BlackElo "2696"]
[TimeControl "180+1"]
[EndTime "9:32:07 PDT"]
[Termination "AlmasRakhmatullaev won by resignation"]

1. e4 e5 2. Nf3 Nc6 3. Bc4 Nf6 4.
Ng5 d5 5. exd5 Na5 6. Bb5+ c6 7. dxc6 bxc6 8. Bd3 Nd5 9. Nf3 Bd6 10. O-O Nf4 11.
Re1 Nxd3 12. cxd3 O-O 13. Nc3 c5 14. b3 Nc6 15. Ba3 Ba6 16. Ne4 Bxd3 17. Nxd6 Qxd6 18. Rc1 Rfe8 19. Bxc5 Qd5 20. Be3 e4 21. Rc5 Qd7 22. Nh4 Ne5 23. Qh5 f6 24. Rec1 g6 25. Qh6 Rac8 26.
h3 Rxc5 27. Rxc5 Rc8 28. Qf4 Rxc5 29. Bxc5 Qc7 30. Qe3 Qd7 31. Bd4 Qe6 32. Bxe5 Qxe5 33. g4 Qa1+ 34. Kg2 Qxa2 35. Qd4 Qxb3 36. Qxf6 Qf7 37.
Qe5 Qd7 38. f4 Qb7 39. Kg3 Qb6 40. f5 g5 41. Ng2 Kf7 42. h4 h6 43. hxg5 hxg5 44. Ne3 a5 45. Qd5+ Kf8 46. Qe5 a4 47. f6 Qc7 48. Qxc7 1-0

[Event "Early-Titled-Tuesday-Blitz-April-16-2024"]
[Site "Chess.com"]
[Date "2024.04.16"]
[Round "8"]
[White "jcibarra"]
[Black "Timerkhanov"]
[Result "0-1"]
[WhiteElo "2940"]
[BlackElo "2668"]
[TimeControl "180+1"]
[EndTime "9:32:08 PDT"]
[Termination "Timerkhanov won on time"]

1. e4 c5 2. Nf3 a6 3. g3 b5 4. Bg2 Bb7 5. d4 cxd4 6. Nxd4 e6 7. O-O d6 8. a4 b4 9. c3 bxc3 10. Nxc3 Nd7 11. Re1 Ngf6 12. e5 Bxg2 13. exf6 Bb7 14. fxg7 Bxg7 15. Nf5 Be5 16. Nxd6+ Bxd6 17. Qxd6 Qb6 18.
Bf4 Qxd6 19. Bxd6 Nb6 20. Be5 Rg8 21. Rad1 Rd8 22. Bf6 Rxd1 23. Rxd1 Nd5 24. Ne4 Bc6 25. Rc1 Kd7 26. Be5 a5 27. Nc5+ Ke7 28. b3 Rc8 29. Bb2 Nb4 30. Ba3 Bd5 31. f4 f6 32. Kf2 Rc6 33.
Bxb4 axb4 34. Nd3 Rxc1 35. Nxc1 Kd6 36. Ke3 e5 37. fxe5+ fxe5 38. a5 Kc5 39. g4 Kb5 40. h4 Kxa5 41. g5 Kb5 42. h5 Bf7 43. g6 hxg6 44. h6 Bg8 45. Ke4 Bh7 46. Kxe5 g5 47.
Kf6 Kc5 48. Kxg5 Kd4 49. Kf6 Kc3 50. Kg7 Bb1 51. Ne2+ Kxb3 52. Nf4 Ka2 53. Nd5 Ka3 54. Nf4 b3 55. Ne2 b2 56. Nc3 Bd3 0-1

[Event "Early-Titled-Tuesday-Blitz-April-16-2024"]
[Site "Chess.com"]
[Date "2024.04.16"]
[Round "8"]
[White "Rud_Makarian"]
[Black "Szparu"]
[Result "0-1"]
[WhiteElo "3011"]
[BlackElo "2869"]
[TimeControl "180+1"]
[EndTime "9:32:09 PDT"]
[Termination "Szparu won on time"]

1. Nf3 d5 2. c4 d4 3. b4 Nf6 4. g3 c5 5. b5 Nbd7 6. Bg2 e5 7. d3 Bd6 8. O-O h6 9. a4 O-O 10. a5 Rb8 11. e4 dxe3 12. Bxe3 Re8 13.
Nc3 Nf8 14. Nd2 Ne6 15. Nde4 Nxe4 16. dxe4 Nd4 17. Nd5 Be6 18. a6 b6 19. Qd3 Qd7 20. Rae1 Rbd8 21. h4 Bb8 22. Bxd4 Bxd5 23. cxd5 cxd4 24.
Rc1 Bd6 25. Rc6 Bc5 26. Kh2 Qe7 27. Bh3 Rd6 28. h5 Red8 29. Kg2 Qg5 30. Qf3 d3 31.
Rd1 g6 32. Rxd3 gxh5 33. Bf5 Kg7 34. Rd1 h4 35. Rc7 hxg3 36. fxg3 Rf6 37. Rxa7 h5 38. Rh1 Qd2+ 39. Kh3 h4 40. gxh4 Rh6 41. Qg3+ Kf8 42. Rh2 Qd1 43. Rg2 Qh1+ 44. Qh2 Qe1 45. Rg3 Be7 46. Rxe7 Kxe7 47. Qb2 Rxh4+ 48. Kxh4 Rh8+ 49. Kg4 Rg8+ 50. Kh5 Qxg3 51. Qb4+ Ke8 0-1

[Event "Early-Titled-Tuesday-Blitz-April-16-2024"]
[Site "Chess.com"]
[Date "2024.04.16"]
[Round "8"]
[White "KnightDuta"]
[Black "FaustinoOro"]
[Result "1-0"]
[WhiteElo "2756"]
[BlackElo "2927"]
[TimeControl "180+1"]
[EndTime "9:32:10 PDT"]
[Termination "KnightDuta won by resignation"]

1. e4 e5 2. Nf3 Nc6 3. Bc4 Bc5 4. O-O Nf6 5. d3 O-O 6. h3 h6 7. Nbd2 d6 8. c3 a5 9. Re1 Ba7 10. Nf1 Ne7 11. Ng3 Ng6 12. d4 exd4 13. cxd4 d5 14.
exd5 Nxd5 15. Bd2 c6 16. Qc2 Nge7 17. Rad1 Be6 18. a3 Qc7 19. Bc1 Rad8 20. Ne5 Rfe8 21. Ba2 f6 22. Bb1 f5 23. Nh5 Nc8 24. Qd2 Nd6 25. Nf4 Ne4 26. Bxe4 fxe4 27. Nxe6 Rxe6 28. Rxe4 Nf6 29. Ree1 Rxd4 30. Nd3 Red6 31. Re3 R4d5 32. Rf3 Ne4 33. Qe2 Nxf2 34. Qe8+ Kh7 35. Rf8 g5 36.
Rh8+ Kg7 37. Qg8+ Kf6 38. Rxh6+ Kf5 39. Qf8+ Ke4 40. Qf3+ Kd4 41. Nxf2+ Kc4 42. Qc3+ Kb5 43. a4+ Ka6 44. Rxd6 Qxd6 45. Qc4+ b5 46. axb5+ cxb5 47. Qxd5 Qg3 48. Qf3 Qe5 49. Qc6+ Bb6 50. Qc8+ Ka7 51.
Rd7+ Bc7 52. Rxc7+ 1-0

[Event "Early-Titled-Tuesday-Blitz-April-16-2024"]
[Site "Chess.com"]
[Date "2024.04.16"]
[Round "8"]
[White "Caroexpert"]
[Black "MaiqMaster"]
[Result "1/2-1/2"]
[WhiteElo "2659"]
[BlackElo "2431"]
[TimeControl "180+1"]
[EndTime "9:32:11 PDT"]
[Termination "Game drawn by repetition"]

1. Nf3 c5 2. b3 Nc6 3. Bb2 d6 4. e3 e5 5. Nc3 g6 6. Bc4 Bg7 7. Nd5 Nge7 8. e4 O-O 9. h3 a6 10. a4 Rb8 11. Nxe7+ Qxe7 12. O-O b5 13. Bd5 Nb4 14.
axb5 axb5 15. c4 Nxd5 16. cxd5 f5 17. d3 h6 18. b4 c4 19. Re1 cxd3 20. Qxd3 fxe4 21.
Qxe4 Bf5 22. Qe3 Qf7 23. Nd2 Qxd5 24. Ra7 Rf7 25. Rea1 Rbf8 26. f3 Qd3 27. Qxd3 Bxd3 28. R7a6 d5 29. Rd6 d4 30. Ra3 Bf5 31. g4 Bc2 32.
Rc6 d3 33. Rxg6 Rf6 34. Rxf6 Bxf6 35. Ne4 Be7 36. Bc3 Rxf3 37. Ra7 Re3 38. Nc5 Bxc5 39. bxc5 Re4 40. c6 Rc4 41. Bxe5 Rxc6 42. Rg7+ Kf8 43. Rd7 Re6 44. Bc3 Ke8 45. Rd5 Rc6 46. Bd2 Rb6 47.
Bb4 Kf7 48. Kf2 Ke6 49. Rd4 Ke5 50. Ke3 Ke6 51. Re4+ Kd5 52. Rd4+ Ke6 53. Re4+ Kd5 54. Rd4+ Ke6 1/2-1/2

[Event "Early-Titled-Tuesday-Blitz-April-16-2024"]
[Site "Chess.com"]
[Date "2024.04.16"]
[Round "8"]
[White "ContrVersia"]
[Black "tsaruk_maks"]
[Result "0-1"]
[WhiteElo "2885"]
[BlackElo "2734"]
[TimeControl "180+1"]
[EndTime "9:32:13 PDT"]
[Termination "tsaruk_maks won by resignation"]

1. Nf3 d5 2. g3 c6 3. Bg2 Bg4 4. c4 Bxf3 5. Bxf3 e6 6. O-O Nf6 7. Qc2 Be7 8. Bg2 O-O 9. d3 Nbd7 10. Nd2 a5 11. Nf3 a4 12. Bd2 Qb6 13. Rac1 h6 14.
e3 Rfd8 15. Rfd1 Bb4 16. d4 Ne4 17. Be1 Qa5 18. Bxb4 Qxb4 19. Ne1 Nd6 20. c5 Nb5 21.
Nd3 Qa5 22. f4 Rac8 23. b3 axb3 24. axb3 Ra8 25. Qb2 Qa2 26. Ra1 Qxb2 27. Nxb2 f5 28. Bf1 Nc3 29. Rdc1 Na2 30. Re1 Kf7 31. Nd3 Ke7 32.
b4 Ra3 33. b5 Rda8 34. bxc6 bxc6 35. Reb1 Kd8 36. Rb2 Nc3 37. Rc1 Ne4 38. Rcb1 Nc3 39. Re1 Rb8 40. Rxb8+ Nxb8 41. Ne5 Kc7 42. g4 Nd7 43.
gxf5 exf5 44. Bh3 Nxe5 45. fxe5 g6 46. Bf1 Ne4 47. Bg2 Ng5 48. h4 Ne6 49. Bh3 Nxd4 50. exd4 Rxh3 51. Ra1 Rxh4 52. Ra7+ Kb8 53. Ra4 Re4 54.
Kf2 g5 55. Rb4+ Kc7 56. Ra4 g4 57. Kg3 h5 58. Rb4 f4+ 59. Kg2 h4 0-1

[Event "Early-Titled-Tuesday-Blitz-April-16-2024"]
[Site "Chess.com"]
[Date "2024.04.16"]
[Round "8"]
[White "Kirill_Klukin"]
[Black "Daaksboy"]
[Result "1-0"]
[WhiteElo "2829"]
[BlackElo "2348"]
[TimeControl "180+1"]
[EndTime "9:32:13 PDT"]
[Termination "Kirill_Klukin won by checkmate"]

1. d4 Nf6 2. Nf3 g6 3. e3 Bg7 4.
Be2 O-O 5. O-O d6 6. c4 Bf5 7. Nc3 c5 8. b3 Ne4 9. Bb2 Nc6 10. Bd3 Nxc3 11. Bxc3 Bxd3 12. Qxd3 cxd4 13. Nxd4 d5 14. Nxc6 bxc6 15. Bxg7 Kxg7 16. Rfd1 e6 17. e4 dxe4 18. Qxe4 Qc7 19. Rd3 Rfd8 20. Rad1 Rxd3 21. Qxd3 Qa5 22. Qd2 Qxd2 23. Rxd2 a5 24. Kf1 a4 25. b4 Rb8 26. a3 Kf6 27. Rd7 Ra8 28. Ke2 h5 29. h4 e5 30. Rd6+ Kf5 31. Rxc6 e4 32. b5 Ke5 33. Ke3 f5 34. g3 Rd8 35. Rc5+ Ke6 36. b6 Rd3+ 37. Kf4 Kd6 38. Rb5 Rb3 39. Kg5 Kc6 40. b7 Rxb5 41. cxb5+ Kxb7 42. Kxg6 Kb6 43. Kxh5 Kxb5 44. Kg5 Kc4 45. h5 Kb3 46. h6 Kxa3 47. h7 Kb3 48. h8=Q a3 49. Kxf5 a2 50. Kxe4 Kc2 51. Qa1 Kd2 52. f4 Ke2 53. g4 Kf2 54. f5 Kg2 55. g5 Kh3 56. f6 Kh4 57. g6 Kh5 58. g7 Kg6 59. Ke5 Kh7 60. Ke6 Kg8 61. Ke7 Kh7 62. f7 Kg6 63. g8=Q+ Kh5 64. f8=Q Kh4 65. Qff6+ Kh3 66.
Qge6+ Kh2 67. Qfe5+ Kg2 68. Q6d5+ Kf2 69. Qed4+ Ke2 70.
Q5c4+ Kf3 71. Qac3+ Kg2 72. Qcd5+ Kf1 73. Qcc4+ Ke1 74.
Qdc3+ Kf2 75. Qxa2+ Kg1 76. Qg5+ Kf1 77. Qd3+ Ke1 78. Qge3# 1-0